 Dungeon Crawl Stone Soup version 0.31.0-11-ge490571c62 (webtiles) character file.

Game seed: 17177915244609292913

114 firemarshallily the Sneak (level 4, 0/42 HPs)
             Began as a Naga Brigand on Feb 5, 2024.
             Slain by Pargi (1 damage)
             ... in a sewer.
             The game lasted 00:05:41 (1234 turns).

firemarshallily the Sneak (Naga Brigand)            Turns: 1234, Time: 00:05:42

Health: 0/42       AC:  4    Str: 10 (13) XL:     4   Next: 97%
Magic:  4/4        EV:  9    Int:  9 (12) God:
Gold:   56         SH:  0    Dex: 11 (14) Spells: 3/3 levels left

rFire   . . .        a - +2 dagger
rCold   . . .        (no shield)
rNeg    . . .        b - +0 robe
rPois   +            g - +1 hat
rElec   .            c - +0 cloak
rCorr   .            (no gloves)
SInv    +            (no barding)
Will    .....        (no amulet)
Stlth   +++          (no ring)
HPRegen 0.27/turn    (no ring)
MPRegen 0.09/turn

%: no passive effects
@: very slow
A: AC +1, large, see invisible, deformed body, poison resistance, slowness 2,
spit poison 1, naga tail 1
a: Spit Poison


You were in a sewer.
You visited 1 branch of the dungeon, and saw 3 of its levels.
You also visited: Sewer.

You collected 56 gold pieces.

Inventory:

Hand Weapons
 a - a +2 dagger (weapon)
Missiles
 d - 12 poisoned darts
 e - a curare-tipped dart
Armour
 b - a +0 robe (worn)
 c - a +0 cloak (worn)
 g - a +1 hat (worn)
Scrolls
 h - a scroll of identify
 i - a scroll of fog


   Skills:
 * Level 3.4 Fighting
 * Level 3.4 Short Blades
 - Level 1.7 Throwing
 - Level 0.7 Dodging
 + Level 6.7 Stealth


You had 3 spell levels left.
You didn't know any spells.
Your spell library contained the following spells:

 Spells                   Type           Power      Damage    Failure   Level
 Sandblast                Erth           0%         2d4       38%         1
 Mercury Vapours          Alch/Air       0%         N/A       52%         2
 Mephitic Cloud           Conj/Alch/Air  0%         N/A       77%         3
 Passwall                 Erth           0%         N/A       77%         3
 Stone Arrow              Conj/Erth      0%         3d7       77%         3
 Brom's Barrelling Bould  Conj/Erth      0%         2d3       99%         4
 Freezing Cloud           Conj/Ice/Air   0%         6-21      100%        5


Dungeon Overview and Level Annotations

Branches:
Dungeon (4/15)              Sewer (1/1)
 Temple: D:4-7

Altars:

Annotations:
D:4 1 runed translucent door, becking's ghost, amateur MiFi Sewer Pargi


Innate Abilities, Weirdness & Mutations

Your serpentine skin is tough. (AC +1)
You have supernaturally acute eyesight. (SInv)
Armour fits poorly on your strangely shaped body.
Your system is resistant to poisons. (rPois)
You cover ground very slowly.
You can spit poison.
You have a snake-like lower body.


Message History

Pargi is heavily wounded.
Pargi closely misses you. x3
It was a potion of degeneration.
There was something very wrong with that liquid.
You feel weakened.
You feel dopey.
You feel clumsy. Pargi bites you but does no damage. Pargi closely misses you.
Pargi claws you.
You hit Pargi.
Pargi is heavily wounded.
Pargi closely misses you. Pargi claws you but does no damage. Pargi misses you.
You hit Pargi but do no damage.
Pargi is heavily wounded.
You hit Pargi.
Pargi is heavily wounded.
Pargi bites you but does no damage. Pargi claws you. x2
You hit Pargi.
Pargi is severely wounded.
Pargi bites you!
* * * LOW HITPOINT WARNING * * *
Pargi claws you but does no damage. Pargi barely misses you.
Okay, then.
Unknown command.
Throw: 3 darts (curare)
Press: ? - help, Shift-Dir - straight line, f/p - Pargi
Aim: Pargi (severely wounded, 43% to hit)
You throw a curare-tipped dart.
The curare-tipped dart barely misses Pargi.
You hear a splash.
Pargi bites you.
* * * LOW HITPOINT WARNING * * *
Pargi barely misses you. Pargi claws you.
* * * LOW HITPOINT WARNING * * *
Throw: 2 darts (curare)
Press: ? - help, Shift-Dir - straight line, f/p - Pargi
Aim: Pargi (severely wounded, 43% to hit)
You throw a curare-tipped dart.
The curare-tipped dart closely misses Pargi.
You hear a splash.
Pargi bites you but does no damage. Pargi claws you but does no damage.
Pargi claws you.
You die...

#≈≈≈≈≈≈≈≈≈≈≈≈≈~.~≈≈~..###
#≈≈≈≈≈≈≈≈≈≈≈~~##.∩∩.### #
≈≈≈≈≈≈≈≈≈≈≈≈~~#######
≈≈≈≈≈≈≈≈≈≈≈~#.#
≈≈≈≈≈≈≈≈≈≈≈~.##
#≈≈≈≈≈≈≈≈~~.##
#≈≈≈≈≈≈≈~#.##
#≈≈≈≈≈≈~#### #≈≈≈≈≈≈~@#
≈≈≈≈≈≈≈T## ≈≈≈≈≈≈≈~#
#≈≈≈≈≈≈≈~# #≈≈≈≈≈≈≈≈.#
≈≈≈≈≈≈≈≈≈~# ≈≈≈≈≈≈≈≈≈≈~
#≈≈≈≈≈≈≈≈≈≈~
##≈≈≈≈≈≈≈≈≈.#


You could see Pargi.

Vanquished Creatures
  A brain worm (Sewer)
  An adder (D:4)
  A ribbon worm (D:4)
  4 endoplasms
  4 giant cockroaches
  4 hobgoblins (D:1)
  3 quokkas
  2 ball pythons
  5 bats
  2 frilled lizards (D:1)
  3 goblins
  2 kobolds
  4 rats
36 creatures vanquished.

Notes
Turn   | Place    | Note
-------+----------+-------------------------------------------
     0 | D:1      | firemarshallily the Naga Brigand began the quest for the
                  | Orb.
     0 | D:1      | Reached XP level 1. HP: 19/19 MP: 1/1
   268 | D:1      | Reached skill level 6 in Stealth
   268 | D:1      | Reached XP level 2. HP: 25/26 MP: 2/2
   309 | D:1      | Found a faded altar of an unknown god.
   856 | D:2      | Reached XP level 3. HP: 21/33 MP: 3/3
   925 | D:2      | You fall into a shaft and drop 2 floors!
   927 | D:4      | Noticed a scorpion
   960 | D:4      | Found a runed translucent door.
   963 | D:4      | Noticed becking's ghost (amateur MiFi)
   968 | D:4      | Noticed a phantom
  1172 | D:4      | Found a glowing drain.
  1176 | Sewer    | Entered a sewer
  1186 | Sewer    | Noticed a brain worm
  1207 | Sewer    | Noticed a brain worm
  1209 | Sewer    | Noticed Pargi
  1211 | Sewer    | Killed a brain worm
  1212 | Sewer    | Reached XP level 4. HP: 42/42 MP: 4/4
  1233 | Sewer    | HP: 1/42 [Pargi (2)]
  1234 | Sewer    | Slain by Pargi

Illustrated notes

Levels and vault maps discovered:
D:1:      psy_arrival_dodecagon, layout_basic,
          shapermc_ecumenical_altar_totnotflames
D:2:      layout_basic, basic_altar, grunt_ministairs_2
D:4:      layout_cave_pools, gup_sewer_entry_spiral, ebering_ghost_sewer_d,
          dreamdust_gnoll_farm, uniq_crazy_yiuf_cottage
Sewer:    sewer_co_pargi_island

Skill      XL: |  1  2  3 |
---------------+----------+-----
Stealth        | 6 |  6.7
Fighting       | 3 |  3.4
Short Blades   | 3 |  3.4
Throwing       | |  1.7
Dodging        | |  0.7

Action                     |  1- 3 |  4- 6 || total
---------------------------+-------+-------++-------
  Melee: Dagger            |    85 |    16 ||   101
  Throw: Dart              |       |     2 ||     2
Ability: Spit Poison       |     9 |     1 ||    10
    Use: Scroll            |     3 |       ||     3
         Potion            |       |     2 ||     2
   Stab: Sleeping          |    14 |       ||    14
 Armour: Robe              |    48 |    39 ||    87
  Dodge: Dodged            |    30 |    24 ||    54
